 Dungeon Crawl Stone Soup version 0.26-a0-631-ged93497179 (webtiles) character file.

Game seed: 2445027731104524819

75 Drevant2 the Vexing (level 4, 0/48 HPs)
             Began as a Formicid Arcane Marksman on Sept 12, 2020.
             Succumbed to a kobold's poison
             ... on level 3 of the Dungeon on Sept 13, 2020.
             The game lasted 00:05:34 (3804 turns).

Drevant2 the Vexing (Formicid Arcane Marksman)      Turns: 3804, Time: 00:05:35

Health: 0/48       AC: 22    Str: 11 (14) XL:     4   Next: 55%
Magic:  5/5        EV:  2    Int: 11 (13) God:
Gold:   139        SH:  0    Dex: 10 (12) Spells: 4/5 levels left

rFire    . . .     SeeInvis .   g - +1 dagger (venom)
rCold    . . .     Faith    .   (no shield)
rNeg     + + +     Spirit   .   (armour currently unavailable)
rPois    +         Reflect  .   (helmet unavailable)
rElec    .         Harm     .   (cloak currently unavailable)
rCorr    .         Rampage  .   (gloves currently unavailable)
MR       .....                  (boots currently unavailable)
Stlth    +.........             (no amulet)
HPRegen  0.16/turn              k - ring of poison resistance
MPRegen  0.09/turn              (no ring)

@: brilliant, lethally poisoned (0 -> -8), tree-form (expiring)
A: permanent stasis, dig shafts and tunnels, four strong arms
a: no special abilities


You were on level 3 of the Dungeon.
You were a tree.
You visited 1 branch of the dungeon, and saw 3 of its levels.

You collected 139 gold pieces.

Inventory:

Hand Weapons
 a - a +0 hunting sling
 g - a +1 dagger of venom (weapon)
Missiles
 b - 188 stones (quivered)
 d - 31 sling bullets
Armour
 e - a +0 robe (melded)
Jewellery
 j - an uncursed amulet of the acrobat {unknown}
 k - a ring of poison resistance (left branch)
 o - a +4 ring of protection {unknown}
 r - a cursed ring of attention {unknown}
Scrolls
 c - a scroll of random uselessness {unknown}
 f - 3 scrolls of remove curse
 h - a scroll of amnesia {unknown}
 n - a scroll of blinking {unknown}
 p - a scroll of teleportation {unknown}
 q - 2 scrolls of identify {unknown}
 s - a scroll of enchant weapon {unknown}
Potions
 i - a potion of lignification
 m - a potion of brilliance


   Skills:
 - Level 1.1 Fighting
 * Level 4.2 Slings
 - Level 1.7 Dodging
 - Level 1.1 Spellcasting
 + Level 4.5 Hexes


You had 4 spell levels left.
You knew the following spells:

 Your Spells              Type           Power        Failure   Level
a - Corona                Hex            ###....      4%          1

Your spell library contained the following spells:

 Spells                   Type           Power        Failure   Level
 Slow                     Hex            ###.....     8%          2
 Inner Flame              Hex/Fire       #.......     36%         3
 Portal Projectile        Hex/Tloc       #.....       36%         3
 Cause Fear               Hex            ###.......   45%         4
 Leda's Liquefaction      Hex/Erth       #.........   77%         4


Dungeon Overview and Level Annotations

Branches:
Dungeon (3/15)

Altars:
Dithmenos

Annotations:
D:3 1 runed translucent door, Crazy Yiuf, Grinder, Sigmund


Innate Abilities, Weirdness & Mutations

You cannot be hasted, slowed, berserked, paralysed or teleported.
You can dig through walls and to a lower floor.
Your four strong arms can wield two-handed weapons with a shield.
((You have a pair of large antennae on your head. (SInv)))


Message History

The hobgoblin looks as sick as possible!
The hobgoblin is almost dead.
Your transformation is almost over.
* * * LOW HITPOINT WARNING * * *
You feel sick.
You kill the hobgoblin!
The centaur hits you but does no damage.
You barely miss Grinder.
Grinder is lightly wounded.
* * * LOW HITPOINT WARNING * * *
You feel sick. The centaur hits you.
* * * LOW HITPOINT WARNING * * *
Grinder gestures at you.
Your stasis prevents you from being paralysed.
The kobold hits you but does no damage. Something hits you but does no damage.
The centaur hits you but does no damage.
Unknown command.
You hit Grinder.
Grinder is lightly wounded.
You die...

#####......# #...#
......####.# #...#
.###.#.....#####...####.
..###..#.....)........
...#.#..................
......>........(........
.###.##.##.###.......# .
#.......# #.#...#.#
####.#### #.#♣5$# # #.#
#.#Kc.# ### #.#{..#
#....... ......... ###
###....### ♣♣#..)#
#....# ♣.+...# ......
.♣#{..#


You could see Grinder, a centaur (very poisoned) and a kobold.

Vanquished Creatures
  2 adders (D:3)
  A worm (D:2)
  A leopard gecko (D:2)
  7 bats
  2 giant cockroaches
  9 goblins
  6 hobgoblins
  4 jackals
  A quokka (D:2)
  2 ball pythons
  3 frilled lizards
  6 kobolds
  3 rats
  A bush (D:1)
48 creatures vanquished.

Vanquished Creatures (others)
  6 plants (D:1)
  A toadstool (D:1)
7 creatures vanquished.

Grand Total: 55 creatures vanquished

Notes
Turn   | Place    | Note
-------+----------+-------------------------------------------
     0 | D:1      | Drevant2 the Formicid Arcane Marksman began the quest for
                  | the Orb.
     0 | D:1      | Reached XP level 1. HP: 15/15 MP: 2/2
   163 | D:1      | Reached XP level 2. HP: 18/21 MP: 3/3
   649 | D:1      | Reached XP level 3. HP: 26/26 MP: 4/4
  1356 | D:2      | Found a shadowy altar of Dithmenos.
  2779 | D:2      | Reached XP level 4. HP: 32/32 MP: 5/5
  3676 | D:3      | Found a runed translucent door.
  3677 | D:3      | Noticed Crazy Yiuf
  3774 | D:3      | Noticed Grinder
  3776 | D:3      | Noticed Sigmund
  3782 | D:3      | Noticed a centaur
  3802 | D:3      | HP: 2/48 [poisoned by a kobold]
  3804 | D:3      | Succumbed to a kobold's poison

Illustrated notes

Levels and vault maps discovered:
D:1:      nagdon_arrival_zigzag_paths, layout_basic, serial_forest,
          infiniplex_forest_lined_2, infiniplex_forest_clump_double,
          infiniplex_forest_diagonal, infiniplex_forest_clump_medium,
          infiniplex_forest_lined_3, infiniplex_forest_corner_2,
          infiniplex_forest_straight_3, infiniplex_forest_end_2,
          infiniplex_forest_end_3
D:2:      layout_loops_corners, nicolae_dithmenos_through_a_glass_darkly
D:3:      kennysheep_the_goblin_king, layout_loops_cross, uniq_sigmund,
          uniq_grinder, uniq_crazy_yiuf_cottage

Skill      XL: |  1  2  3  4 |
---------------+-------------+-----
Slings         | 3 4 |  4.2
Hexes          | 4 |  4.5
Fighting       | |  1.1
Dodging        | |  1.7
Spellcasting   | |  1.1

Action                   |  1- 3 |  4- 6 || total
-------------------------+-------+-------++-------
Melee: Dagger            |   141 |    41 ||   182
 Fire: Hunting sling     |    23 |       ||    23
 Cast: Corona            |     5 |       ||     5
  Use: Potion            |       |     3 ||     3
       Scroll            |       |     1 ||     1
Armor: Robe              |    18 |     3 ||    21
       Skin              |       |    46 ||    46
Dodge: Dodged            |    67 |    15 ||    82

Table legend: (Time is in decaauts)
 A = Elapsed time spent in this place.
 B = Non-inter-level travel time spent in this place.
 C = Inter-level travel time spent in this place.
 D = Time resting spent in this place.
 E = Time spent auto-exploring this place.
 F = Levels seen in this place.
 G = Mean time per level.
                   A        B        C        D        E       F      G
               +--------+--------+--------+--------+--------+-----+--------+
         Total |   3805 |   3682 |    123 |   1233 |   2055 |   3 | 1268.3 |
       Dungeon |   3805 |   3682 |    123 |   1233 |   2055 |   3 | 1268.3 |
               +--------+--------+--------+--------+--------+-----+--------+

Top non-repeatable levels by time:
     D:2: 1579 daAuts
     D:1: 1515 daAuts
     D:3: 710 daAuts
